 Dungeon Crawl Stone Soup version 0.20.0-15-g7f486f2 (webtiles) character file.

75 torrenera the Ruffian (level 4, 0/38 HPs)
             Began as a Ghoul Monk on June 30, 2017.
             Was a Believer of Okawaru.
             Slain by vishdafish's ghost (12 damage)
             ... on level 3 of the Dungeon.
             The game lasted 00:03:27 (1858 turns).

torrenera the Ruffian (Ghoul Monk)                  Turns: 1858, Time: 00:03:28

Health: 0/38       AC:  5    Str: 15    XL:     4   Next: 31%
Magic:  3/3        EV: 11    Int:  5    God:    Okawaru [**....]
Gold:   103        SH:  0    Dex: 11    Spells: 3/3 levels left

rFire    . . .     SeeInvis .     - Unarmed
rCold    + . .     Gourm    .   (no shield)
rNeg     + + +     Faith    .   u - +0 ring mail
rPois    ∞         Spirit   .   (no helmet)
rElec    .         Reflect  .   (no cloak)
rCorr    .         Harm     .   (no gloves)
MR       .....                  (no boots)
Stlth    +.........             (no amulet)
Regen    0.0/turn               (no ring)
MPRegen  0.1/turn               (no ring)

@: rotting
A: rotting body, claws 1, carnivore 3, cold resistance 1, negative energy
resistance 3, inhibited regeneration, torment resistance, unbreathing
a: Heroism, Renounce Religion


You were on level 3 of the Dungeon.
You worshipped Okawaru.
Okawaru was pleased with you.
You were not hungry.

You visited 1 branch of the dungeon, and saw 3 of its levels.

You collected 103 gold pieces.

Inventory:

Hand Weapons
 t - a +0 arbalest
Missiles
 a - 5 tomahawks
 d - 60 stones (quivered)
Armour
 u - a +0 ring mail (worn)
Jewellery
 r - an uncursed ring of wizardry {unknown}
Scrolls
 h - a scroll of teleportation {unknown}
 i - a scroll of identify {unknown}
 j - 2 scrolls of enchant armour {unknown}
 l - 3 scrolls of remove curse {unknown}
 m - a scroll of enchant weapon {unknown}
 n - a scroll of random uselessness {unknown}
 q - a scroll of fog {unknown}
 s - a scroll of blinking {unknown}
Potions
 c - a potion of flight {unknown}
 e - 3 potions of might {unknown}
 f - 3 potions of curing {unknown}
 k - a potion of heal wounds {unknown}
 p - a potion of brilliance {unknown}
Books
 g - a book of Minor Magic

   Spells                             Type                      Level
   a - Magic Dart                     Conjuration                  1
   b - Blink                          Translocation                2
   c - Call Imp                       Summoning                    2
   d - Slow                           Hexes                        2
   e - Conjure Flame                  Conjuration/Fire             3
   f - Mephitic Cloud                 Conjuration/Poison/Air       3
Comestibles
 b - a meat ration
 o - 8 chunks of flesh


   Skills:
 - Level 3.2 Fighting
 - Level 2.6 Dodging
 - Level 2.1 Stealth
 + Level 5.5 Unarmed Combat


You had 3 spell levels left.
You didn't know any spells.

Dungeon Overview and Level Annotations

Branches:
Dungeon (3/15)

Altars:
Okawaru

Annotations:
D:3 vishdafish's ghost, amateur FoFi


Innate Abilities, Weirdness & Mutations

Your body is rotting away.
You thrive on raw meat.
You are immune to poison.
You have sharp fingernails.
You are carnivorous and can eat meat at any time.
Your flesh is cold resistant. (rC+)
You are immune to negative energy. (rN+++)
You do not regenerate when monsters are visible.
You are immune to unholy pain and torment.
You can survive without breathing.


Message History

Okawaru accepts your kill. Vishdafish's ghost barely misses you.
Vishdafish's ghost closely misses you.
Things that are here:
a club; a goblin corpse You completely miss vishdafish's ghost.
You scratch vishdafish's ghost.
Vishdafish's ghost is lightly damaged.
Vishdafish's ghost closely misses you.
You scratch vishdafish's ghost but do no damage.
Vishdafish's ghost is lightly damaged.
Vishdafish's ghost closely misses you.
You scratch vishdafish's ghost but do no damage.
Vishdafish's ghost is lightly damaged.
Vishdafish's ghost hits you!
Some of the chunks of flesh in your inventory have rotted away.
You closely miss vishdafish's ghost.
Vishdafish's ghost is lightly damaged.
Vishdafish's ghost hits you!
You die...

...... ... #........
...... ... #........
...<.# .... #.......#
#....#+###...
##.......###............
#........+..............
.........##.............
.......W.##.............
.......@................
..!.....................
#...$#..............##..
................######..
.....................#..
.....................#..
.....................#..
...................##..
..............+...


You could see vishdafish's ghost.

Vanquished Creatures
  2 worms (D:2)
  3 dart slugs
  A leopard gecko (D:2)
  3 bats
  2 giant cockroaches
  9 goblins
  7 hobgoblins
  13 jackals
  6 kobolds
  A quokka (D:2)
  2 frilled lizards
  2 rats
51 creatures vanquished.

Notes
Turn   | Place    | Note
-------+----------+-------------------------------------------
     0 | D:1      | torrenera the Ghoul Monk began the quest for the Orb.
     0 | D:1      | Reached XP level 1. HP: 19/19 MP: 0/0
   110 | D:1      | Reached XP level 2. HP: 23/26 MP: 1/1
   180 | D:1      | Reached skill level 4 in Unarmed Combat
   421 | D:1      | Reached XP level 3. HP: 23/31 MP: 2/2
   791 | D:2      | Found an iron altar of Okawaru.
   820 | D:2      | Became a worshipper of Warmaster Okawaru
   820 | D:2      | Reached * piety under Okawaru
   820 | D:2      | Reached ** piety under Okawaru
  1227 | D:2      | Reached skill level 5 in Unarmed Combat
  1411 | D:2      | Reached XP level 4. HP: 30/38 MP: 3/3
  1848 | D:3      | Noticed vishdafish's ghost (amateur FoFi)
  1858 | D:3      | Slain by vishdafish's ghost

Skill      XL: |  1  2  3 |
---------------+----------+-----
Unarmed Combat | 4 5 |  5.5
Fighting       | |  3.2
Dodging        | |  2.6
Stealth        | |  2.1

Action                   |  1- 3 |  4- 6 || total
-------------------------+-------+-------++-------
Melee: Unarmed           |   116 |    51 ||   167
       Punch             |       |     1 ||     1
 Stab: Distracted        |     1 |       ||     1
  Eat: Chunk             |     9 |       ||     9
Armor: Robe              |    17 |     2 ||    19
       Ring mail         |       |    15 ||    15
Dodge: Dodged            |    63 |    39 ||   102
